 Dungeon Crawl Stone Soup version 0.28-a0-474-g535839065c (webtiles) character file.

Game seed: 2571394865575722813

0 spiderkeys the Skirmisher (level 1, -2/16 HPs)
             Began as an Octopode Abyssal Knight on Sept 16, 2021.
             Was a Follower of Lugonu.
             Slain by a small abomination (8 damage)
             ... on level 1 of the Abyss.
             The game lasted 00:00:43 (292 turns).

spiderkeys the Skirmisher (Octopode Abyssal Knight)  Turns: 292, Time: 00:00:44

Health: -2/16      AC:  1    Str: 11    XL:     1   Next: 0%
Magic:  2/2        EV: 13    Int: 14    God:    Lugonu [*.....]
Gold:   29         SH:  0    Dex: 11    Spells: 0/0 levels left

rFire   . . .      SeeInvis .   a - +1 spear
rCold   . . .      Faith    .   (no shield)
rNeg    . . .      Spirit   .   (helmet restricted)
rPois   .          Reflect  .   (no amulet)
rElec   .          Harm     .   (no ring)
rCorr   .          Rampage  .   (no ring)
Will    .....                   (no ring)
Stlth   ++........              (no ring)
HPRegen 0.05/turn               (no ring)
MPRegen 0.08/turn               (no ring)
                                (no ring)
                                (no ring)

@: no status effects
A: almost no armour, amphibious, 8 rings, camouflage 1, gelatinous body 1,
(nimble swimmer 1), tentacles
a: Renounce Religion, Depart the Abyss


You were on level 1 of the Abyss.
You worshipped Lugonu.
Lugonu was aware of your devotion.
You visited 0 branches of the dungeon, and saw 0 of its levels.
You visited the Abyss 1 time.

You collected 29 gold pieces.


Innate Abilities, Weirdness & Mutations

You cannot wear most types of armour.
You are amphibious.
You can wear up to eight rings at the same time.
Your skin changes colour to match your surroundings (Stealth+).
Your rubbery body absorbs attacks. (AC +1, EV +1)
((You are camouflaged near water. (Stealth+)))
You have tentacles for arms and can constrict up to eight enemies at once.


   Skills:
 + Level 3.0 Fighting
 + Level 2.0 Polearms
 + Level 2.3 Dodging
 + Level 2.0 Invocations


You couldn't memorise any spells.
You didn't know any spells.
Your spell library was empty.

Inventory:

Hand Weapons
 a - a +1 spear (weapon)
Potions
 b - a potion of curing {@q1}

Dungeon Overview and Level Annotations

Branches:
Dungeon (0/15)

Altars:

...... #.... .
#...##...
######..#....##
##...## .......#
#.....#...... ###
#@x5..+..... . #..
#.....##.#... . ......
+.....##.#.....'......
#.....#.##.....#......
##...##. ##...## .. #
#### .# #####...... ##
#x.... # ... #... .. .
+ .....


You could see a small abomination and a crimson imp.


Message History

🤖 Initializing magus.rc ...
Options error: Delay interrupt name "hungry" not recognised. (~/.crawlrc:4988) ✅ Successfully initialized magus.rc [v1.9.10] Welcome, spiderkeys the Octopode Abyssal Knight.
It is said that the Orb of Zot exists deep within this dungeon.
Lugonu says: Depart the Abyss and spread corruption, my servant! (use the ability menu to exit the Abyss) Press ? for a list of commands and other information.
Found an emerald potion and 6 gold pieces.
Found two corrupted altars of Lugonu.
b - an emerald potion
Found a gateway leading out of the Abyss.
You now have 6 gold pieces.
You now have 16 gold pieces (gained 10).
There is a corrupted altar of Lugonu here.
There is a corrupted altar of Lugonu here.
Tentacles burst out of the water! 2 tentacles come into view.
Found a gateway leading out of the Abyss.
You see here a +0 chain mail.
c - a scroll labelled COAKOTS GAREF
As you read the scroll labelled COAKOTS GAREF, it crumbles to dust.
It is a scroll of identify.
b - a potion of curing You are suddenly pulled into a different region of the Abyss!
Unknown command.
You now have 29 gold pieces (gained 13).
A thrashing horror comes into view.
Unknown command.
You open the door.
There is an open door here.
The crimson imp shouts!
You closely miss the crimson imp. Your grab misses the crimson imp.
The crimson imp hits you. 😕 HP[-1]
You take 1 damage, and now have 15/16 hp.
You completely miss the crimson imp. Your grab misses the crimson imp.
The crimson imp hits you but does no damage.
You barely miss the crimson imp. You grab the crimson imp.
You squeeze the crimson imp.
You constrict the crimson imp, but do no damage.
The crimson imp closely misses you.
You hit the crimson imp but do no damage.
You squeeze the crimson imp. You constrict the crimson imp.
The crimson imp blinks free! 😎 HP[+1]
Your hp is fully restored (16).
You hit the crimson imp. Your grab misses the crimson imp.
You squeeze the crimson imp. The crimson imp hits you. 😕 HP[-1]
You take 1 damage, and now have 15/16 hp.
You miss the crimson imp. Your grab misses the crimson imp.
The crimson imp blinks!
An ufetubus comes into view.
A small abomination comes into view.
The crimson imp blinks!
You open the door.
There is an open door here.
You closely miss the crimson imp. Your grab misses the crimson imp.
You squeeze the crimson imp. The crimson imp hits you. 😕 HP[-2]
You take 2 damage, and now have 13/16 hp.
You hit the crimson imp. Your grab misses the crimson imp.
You squeeze the crimson imp, but do no damage.
The crimson imp closely misses you.
You hit the crimson imp but do no damage.
You grab the crimson imp.
You constrict the crimson imp, but do no damage.
The crimson imp blinks free!
You hit the small abomination but do no damage.
The small abomination closely misses you.
You puncture the small abomination! The small abomination hits you!
Ouch! That really hurt!
* * * LOW HITPOINT WARNING * * *
😨 HP[-7]
You take 7 damage, and now have 6/16 hp.
MASSIVE DAMAGE!! (PAUSE)
The small abomination closely misses you.
The small abomination closely misses you.
You closely miss the small abomination.
The small abomination closely misses you.
You hit the small abomination.
The small abomination completely misses you.
You barely miss the small abomination. You squeeze the small abomination.
The small abomination hits you!
Ouch! That really hurt!
You die...

Action                   || total
-------------------------++-------
Melee: Spear             ||    14
       Tentacles         ||     6
       Constrict         ||     2
  Use: Scroll            ||     1
Armor: Skin              ||     1
Dodge: Dodged            ||     7

Levels and vault maps discovered:
Abyss:1:  base: Temple, base:
Temple

Notes
Turn   | Place    | Note
-------+----------+-------------------------------------------
     0 | Abyss:1  | spiderkeys the Octopode Abyssal Knight began the quest for
                  | the Orb.
     0 | Abyss:1  | Reached XP level 1. HP: 16/16 MP: 2/2
     0 | Abyss:1  | magus.rc [v1.9.10]
    11 | Abyss:1  | Noticed a kraken
    56 | Abyss:1  | Found a corrupted altar of Lugonu.
   222 | Abyss:1  | Noticed a thrashing horror
   253 | Abyss:1  | Noticed a crimson imp
   266 | Abyss:1  | Noticed a small abomination
   292 | Abyss:1  | Slain by a small abomination

Vanquished Creatures (others)
  4 tentacles (Abyss:1)
4 creatures vanquished.

Table legend:
 A = Non-vault XP
 B = Vault XP
 C = Vault XP percentage of total XP
 D = Non-vault monster count
 E = Vault monster count
 F = Vault count percentage of total count
                 A         B        C        D         E       F
            +---------+---------+-------+---------+---------+-------
      Total |       0 |       0 |   N/A |       0 |       0 |  -nan
            +---------+---------+-------+---------+---------+-------
            +---------+---------+-------+---------+---------+-------

Illustrated notes

Table legend: (Time is in decaauts)
 A = Elapsed time spent in this place.
 B = Non-inter-level travel time spent in this place.
 C = Inter-level travel time spent in this place.
 D = Time resting spent in this place.
 E = Time spent auto-exploring this place.
 F = Levels seen in this place.
 G = Mean time per level.
                   A        B        C        D        E       F      G
               +--------+--------+--------+--------+--------+-----+--------+
         Total |    292 |    292 |      0 |      0 |    177 |   1 |  292.0 |
         Abyss |    292 |    292 |      0 |      0 |    177 |   1 |  292.0 |
               +--------+--------+--------+--------+--------+-----+--------+

Top non-repeatable levels by time:
 Abyss:1: 292 daAuts
